 Dungeon Crawl Stone Soup version 0.19.3-1-g3169bf9 (webtiles) character file.

638 Naow the Conjurer (level 7, -3/36 HPs)
             Began as a Deep Elf Conjurer on Jan 25, 2017.
             Slain by an iguana (8 damage)
             ... on level 5 of the Dungeon.
             The game lasted 00:08:55 (4654 turns).

Naow the Conjurer (Deep Elf Conjurer)               Turns: 4654, Time: 00:08:56

Health: -3/36      AC:  4    Str:  5    XL:     7   Next: 25%
Magic:  13/18      EV: 13    Int: 22    God:
Gold:   153        SH:  0    Dex: 19    Spells: 3 memorised, 10 levels left

rFire  . . .     SeeInvis .     t - +0 short sword
rCold  . . .     Gourm    .     a - +0 robe
rNeg   . . .     Faith    .     (no shield)
rPois  .         Spirit   .     (no helmet)
rElec  .         Reflect  .     k - +1 cloak
rCorr  .         Harm     .     (no gloves)
MR     .....                    (no boots)
Stlth  ++........               h - amulet of rage
                                (no ring)
                                n - +4 ring of dexterity

@: no status effects
A: no striking features
a: Evoke Berserk Rage


You were on level 5 of the Dungeon.
You were not hungry.

You visited 1 branch of the dungeon, and saw 5 of its levels.

You collected 153 gold pieces.

Inventory:

Hand Weapons
 t - a +0 short sword (weapon)
Armour
 a - a +0 robe (worn)
 k - a +1 cloak (worn)
Jewellery
 h - an amulet of rage (around neck)
 n - a +4 ring of dexterity (left hand)
 r - a cursed -3 ring of strength {unknown}
Wands
 y - a wand of digging (22/24)
Scrolls
 e - 3 scrolls of identify
 j - a scroll of amnesia
 o - 2 scrolls of recharging {unknown}
 s - 2 scrolls of blinking {unknown}
 u - a scroll of fear {unknown}
 v - 2 scrolls of remove curse {unknown}
 w - a scroll of noise {unknown}
 B - a scroll of fog {unknown}
 C - a scroll of magic mapping {unknown}
Potions
 d - a potion of might {unknown}
 f - a potion of mutation {unknown}
 g - 2 potions of ambrosia
 i - 2 potions of curing {unknown}
 l - a potion of heal wounds {unknown}
 m - a potion of resistance {unknown}
 p - 2 potions of haste {unknown}
 q - a potion of flight {unknown}
 x - a potion of brilliance {unknown}
 A - 2 potions of magic {unknown}
Books
 b - a book of Conjurations

   Spells                             Type                      Level
   a - Magic Dart                     Conjuration                  1
   b - Searing Ray                    Conjuration                  2
   c - Dazzling Spray                 Conjuration/Hexes            3
   d - Fulminant Prism                Conjuration/Hexes            4
   e - Iskenderun's Mystic Blast      Conjuration                  4
   f - Iskenderun's Battlesphere      Conjuration/Charms           5
Comestibles
 c - 2 bread rations
 z - a meat ration


   Skills:
 - Level 2.4 Dodging
 - Level 2.4 Stealth
 + Level 6.2 Spellcasting
 + Level 7.1 Conjurations
 * Level 5.9 Charms


You had 10 spell levels left.
You knew the following spells:

 Your Spells              Type           Power        Failure   Level  Hunger
a - Magic Dart            Conj           ####         1%          1    None
b - Searing Ray           Conj           #####.       1%          2    None
c - Iskenderun's Battles  Conj/Chrm      #####...     17%         5    #####..


Dungeon Overview and Level Annotations

Branches:
Dungeon (5/15)
 Temple: D:4-7

Altars:
Qazlal
Sif Muna


Message History

The iguana is lightly wounded.
The iguana hisses angrily.
The iguana bites you!
Casting: Magic Dart
Confirm with . or Enter, or press ? or * to list all spells.
Aiming: Searing Ray
Press: ? - help, Shift-Dir - straight line, f/p - iguana
Aim: an iguana (lightly wounded)
The searing ray hits the iguana.
The iguana is moderately wounded. (Press . to maintain the ray.)
The iguana bites you.
The searing ray hits the iguana.
The iguana is moderately wounded.
The iguana bites you!
* * * LOW HITPOINT WARNING * * *
The searing ray hits the iguana.
The iguana is severely wounded.
The iguana bites you!
You die...

#.#..........
.#..........
...?.......
#..........
#..........
#..........
#..........
#..@.......
#.l........
#...>......
#.##.######
#. .# .. .#
## .# .#


You could see an iguana.

Vanquished Creatures
  Duvessa (D:4)
  A phantom (D:4)
  An ogre (D:4)
  Dowan (D:4)
  An iguana (D:3)
  A centaur skeleton (D:4)
  2 worker ants (D:4)
  Robin (D:4)
  9 adders
  2 oozes (D:1)
  A worm (D:3)
  4 dart slugs (D:1)
  3 leopard geckos
  An orc (D:4)
  2 ball pythons
  2 giant cockroaches
  9 hobgoblins
  8 jackals
  11 kobolds
  2 quokkas
  A ball python skeleton (D:4)
  11 bats
  7 frilled lizards
  16 goblins
  5 rats
103 creatures vanquished.

Notes
Turn   | Place    | Note
-------+----------+-------------------------------------------
     0 | D:1      | Naow the Deep Elf Conjurer began the quest for the Orb.
     0 | D:1      | Reached XP level 1. HP: 10/10 MP: 6/6
    79 | D:1      | Reached XP level 2. HP: 15/15 MP: 0/8
    83 | D:1      | Learned a level 2 spell: Searing Ray
   362 | D:1      | Reached skill level 5 in Conjurations
   529 | D:1      | Reached XP level 3. HP: 19/19 MP: 5/10
  1630 | D:2      | Reached XP level 4. HP: 24/24 MP: 8/12
  1810 | D:2      | Found a stormy altar of Qazlal.
  2231 | D:3      | Reached skill level 6 in Conjurations
  2566 | D:3      | Reached XP level 5. HP: 28/28 MP: 8/14
  2948 | D:3      | Learned a level 5 spell: Iskenderun's Battlesphere
  3098 | D:3      | Reached skill level 1 in Charms
  3258 | D:4      | Noticed Robin
  3267 | D:4      | Killed Robin
  3267 | D:4      | Reached skill level 5 in Spellcasting
  3272 | D:4      | Noticed a phantom
  3521 | D:4      | Killed a phantom
  3521 | D:4      | Reached XP level 6. HP: 17/32 MP: 0/16
  3699 | D:4      | Noticed Duvessa
  3704 | D:4      | Noticed Dowan
  3705 | D:4      | Killed Duvessa
  3719 | D:4      | Killed Dowan
  3885 | D:4      | Reached skill level 5 in Charms
  3983 | D:4      | Reached skill level 7 in Conjurations
  3983 | D:4      | Reached XP level 7. HP: 36/36 MP: 11/17
  4040 | D:4      | Found a deep blue altar of Sif Muna.
  4650 | D:5      | Entered Level 5 of the Dungeon
  4654 | D:5      | Slain by an iguana

Skill      XL: |  1  2  3  4  5  6  7 |
---------------+----------------------+-----
Conjurations   | 5 6 7 |  7.1
Spellcasting   | 4 5 6 |  6.2
Charms         | 3 5 |  5.9
Dodging        | |  2.4
Stealth        | |  2.4

Action                   |  1- 3 |  4- 6 |  7- 9 || total
-------------------------+-------+-------+-------++-------
Melee: Short sword       |       |       |     3 ||     3
 Cast: Magic Dart        |    82 |   131 |    22 ||   235
       Searing Ray       |     1 |     5 |     2 ||     8
  Use: Scroll            |       |     2 |       ||     2
  Eat: Chunk             |     2 |     7 |     2 ||    11
Armor: Robe              |     5 |     6 |     2 ||    13
Dodge: Dodged            |    24 |    17 |     8 ||    49
